ITL
AMARILLO ARCHDUKES @ TUSCALOOSA TROUT SLAYERS
06/12/2030
 
TOP OF THE 1ST
Amarillo Archdukes batting - Pitching for Tuscaloosa Trout Slayers : RHP John Jones
Pitching: RHP John Jones
Batting: RHB Jesús Ramos 0-0: DOUBLE (Flyball, 78XD)
Batting: RHB Fernando Castellanos 0-0: Fly out, F2 (Popup, 15S)
Batting: SHB Álex Hernández 0-0: Called Strike
0-1: Called Strike
0-2: Ball
1-2: Ground out 3-1 (Groundball, 34S)
Jesús Ramos to third
Batting: LHB Brian Easdale 0-0: Called Strike
0-1: Ground out 6-3 (Groundball, 6M)
Top of the 1st over - 0 runs, 1 hit, 0 errors, 1 left on base; Amarillo 0 - Tuscaloosa 0
BOTTOM OF THE 1ST
Tuscaloosa Trout Slayers batting - Pitching for Amarillo Archdukes : RHP José Abacil
Pitching: RHP José Abacil
Batting: LHB Manuel Ortega 0-0: Called Strike
0-1: Ball
1-1: Called Strike
1-2: Ground out 6-3 (Groundball, 6)
Batting: RHB José Fernández 0-0: Foul Ball, location: 2F
0-1: SINGLE (Line Drive, 5D)
Batting: LHB Juan Hernández 0-0: Ball
José Fernández is caught stealing 2nd base
1-0: Ball
2-0: Foul Ball, location: 2F
2-1: Ground out 4-3 (Groundball, 4D)
Bottom of the 1st over - 0 runs, 1 hit, 0 errors, 0 left on base; Amarillo 0 - Tuscaloosa 0
TOP OF THE 2ND
Amarillo Archdukes batting - Pitching for Tuscaloosa Trout Slayers : RHP John Jones
Batting: RHB Vincente Ramírez 0-0: Ground out 5-3 (Groundball, 56)
Batting: LHB António Chávez 0-0: Ball
1-0: Foul Ball, location: 2F
1-1: SOLO HOME RUN (Flyball, 89XD), Distance : 409 ft
Batting: LHB José Martínez 0-0: Called Strike
0-1: Ball
1-1: Ball
2-1: Foul Ball, location: 2F
2-2: Ball
3-2: Foul Ball, location: 2F
3-2: Base on Balls
Batting: SHB Jeff Chambers 0-0: Foul Ball, location: 2F
0-1: Foul Ball, location: 2F
0-2: Ball
1-2: Strikes out looking
Batting: RHB Rich Henley 0-0: Ball
1-0: SINGLE (Line Drive, 9LS)
José Martínez to second
Runner from 2nd tries for 3rd, SAFE, no throw
Batting: RHB Jesús Ramos 0-0: Called Strike
0-1: Fly out, F8 (Flyball, 8RXD)
Top of the 2nd over - 1 run, 2 hits, 0 errors, 2 left on base; Amarillo 1 - Tuscaloosa 0
BOTTOM OF THE 2ND
Tuscaloosa Trout Slayers batting - Pitching for Amarillo Archdukes : RHP José Abacil
Batting: LHB Ed Hart 0-0: Ball
1-0: Called Strike
1-1: Fly out, F8 (Flyball, 78M)
Batting: LHB Marcos Villarreal 0-0: Foul Ball, location: 2F
0-1: Ball
1-1: SINGLE (Line Drive, 56)
Batting: RHB Augusto Baca 0-0: Foul Ball, location: 2F
0-1: Swinging Strike
0-2: Ball
1-2: Strikes out looking
Batting: SHB António Ramírez 0-0: Ball
1-0: Swinging Strike
1-1: Foul Ball, location: 2F
1-2: Ball
2-2: Ground out 1-3 (Groundball, 13S)
Bottom of the 2nd over - 0 runs, 1 hit, 0 errors, 1 left on base; Amarillo 1 - Tuscaloosa 0
TOP OF THE 3RD
Amarillo Archdukes batting - Pitching for Tuscaloosa Trout Slayers : RHP John Jones
Batting: RHB Fernando Castellanos 0-0: SINGLE (Flyball, 78S)
Batting: SHB Álex Hernández 0-0: Fielders Choice at 2nd, 6-4 (Groundball, 6)
Batting: LHB Brian Easdale 0-0: Ball
1-0: Ball
2-0: Fly out, F8 (Line Drive, 8LM)
Batting: RHB Vincente Ramírez 0-0: Called Strike
Throwing error on steal attempt, E2
Álex Hernández to third
0-1: Swinging Strike
0-2: Ball
1-2: Foul Ball, location: 2F
1-2: Foul Ball, location: 2F
1-2: Foul Ball, location: 2F
1-2: Foul Ball, location: 2F
1-2: Fly out, F7 (Line Drive, 78M)
Top of the 3rd over - 0 runs, 1 hit, 1 error, 1 left on base; Amarillo 1 - Tuscaloosa 0
BOTTOM OF THE 3RD
Tuscaloosa Trout Slayers batting - Pitching for Amarillo Archdukes : RHP José Abacil
Batting: RHB Juan Reyes 0-0: Called Strike
0-1: Ball
1-1: SINGLE (Flyball, 9S)
Batting: RHB Claudio Gonzáles 0-0: Called Strike
Throwing error on steal attempt, E2
Juan Reyes to third
0-1: Hit by Pitch
Batting: LHB Manuel Ortega 0-0: Ball
1-0: Called Strike
1-1: Foul Ball, location: 2F
1-2: Ball
2-2: Ball
3-2: Hit by Pitch
Claudio Gonzáles to second
Batting: RHB José Fernández 0-0: Ball
1-0: Ball
2-0: Ball
3-0: Base on Balls
Juan Reyes scores
Claudio Gonzáles to third
Manuel Ortega to second
Batting: LHB Juan Hernández 0-0: SINGLE (Line Drive, 8LS)
Claudio Gonzáles scores
Manuel Ortega to third
José Fernández to second
Batting: LHB Ed Hart 0-0: Ball
1-0: SINGLE (Groundball, 34D)
Manuel Ortega scores
José Fernández to third
Juan Hernández to second
Batting: LHB Marcos Villarreal 0-0: Fielders Choice at 2nd, 4-6 (Groundball, 4M)
José Fernández scores
Juan Hernández to third
Batting: RHB Augusto Baca 0-0: Ball
1-0: Called Strike
1-1: DOUBLE (Line Drive, 78D)
Juan Hernández scores
Marcos Villarreal to third
Batting: SHB António Ramírez 0-0: Ball
1-0: Swinging Strike
1-1: Called Strike
1-2: SINGLE (Groundball, 4MD)
Marcos Villarreal scores
Augusto Baca to third
Batting: RHB Juan Reyes 0-0: Called Strike
0-1: Called Strike
0-2: Strikes out swinging
Batting: RHB Claudio Gonzáles 0-0: Swinging Strike
0-1: Called Strike
0-2: Ground out 5-3 (Groundball, 5S)
Bottom of the 3rd over - 6 runs, 5 hits, 1 error, 2 left on base; Amarillo 1 - Tuscaloosa 6
TOP OF THE 4TH
Amarillo Archdukes batting - Pitching for Tuscaloosa Trout Slayers : RHP John Jones
Batting: LHB António Chávez 0-0: Called Strike
0-1: Ball
1-1: Swinging Strike
1-2: Ball
2-2: Ball
3-2: Foul Ball, location: 2F
3-2: SOLO HOME RUN (Flyball, 89XD) (Inside the Park)
Batting: LHB José Martínez 0-0: Ball
1-0: Ball
2-0: Foul Ball, location: 2F
2-1: Ball
3-1: Ground out 4-3 (Groundball, 4)
Batting: SHB Jeff Chambers 0-0: Ball
1-0: Foul Ball, location: 2F
1-1: Called Strike
1-2: Foul Ball, location: 2F
1-2: Ball
2-2: Ball
3-2: Base on Balls
Batting: RHB Rich Henley 0-0: Called Strike
0-1: Grounds into double play, 5-4-3 (Groundball, 5)
Top of the 4th over - 1 run, 1 hit, 0 errors, 0 left on base; Amarillo 2 - Tuscaloosa 6
BOTTOM OF THE 4TH
Tuscaloosa Trout Slayers batting - Pitching for Amarillo Archdukes : RHP José Abacil
Batting: LHB Manuel Ortega 0-0: Swinging Strike
0-1: Ball
1-1: Ball
2-1: Fly out, F9 (Line Drive, 9D)
Batting: RHB José Fernández 0-0: Called Strike
0-1: Ball
1-1: Foul Ball, location: 2F
1-2: Ball
2-2: Ball
3-2: SINGLE (Line Drive, 6M)
Batting: LHB Juan Hernández 0-0: Called Strike
0-1: Foul Ball, location: 2F
0-2: Strikes out swinging
Batting: LHB Ed Hart 0-0: Ball
1-0: Called Strike
1-1: Called Strike
1-2: Strikes out looking
Bottom of the 4th over - 0 runs, 1 hit, 0 errors, 1 left on base; Amarillo 2 - Tuscaloosa 6
TOP OF THE 5TH
Amarillo Archdukes batting - Pitching for Tuscaloosa Trout Slayers : RHP John Jones
Batting: RHB Jesús Ramos 0-0: Ball
1-0: SINGLE (Groundball, 56D)
Batting: RHB Fernando Castellanos 0-0: Called Strike
0-1: Ground out 4-3 (Groundball, 34D)
Jesús Ramos to second
Batting: SHB Álex Hernández 0-0: Fly out, F8 (Flyball, 8RM)
Batting: LHB Brian Easdale 0-0: Called Strike
0-1: SINGLE (Line Drive, 34)
Jesús Ramos to third
Runner from 3rd tries for Home, SAFE, no throw
Batting: RHB Vincente Ramírez 0-0: Ball
Brian Easdale steals 2nd base
1-0: Ground out 5-3 (Groundball, 5L)
Top of the 5th over - 1 run, 2 hits, 0 errors, 1 left on base; Amarillo 3 - Tuscaloosa 6
BOTTOM OF THE 5TH
Tuscaloosa Trout Slayers batting - Pitching for Amarillo Archdukes : RHP José Abacil
Batting: LHB Marcos Villarreal 0-0: Ball
1-0: Ball
2-0: Ball
3-0: Base on Balls
Batting: RHB Augusto Baca 0-0: Ball
Marcos Villarreal is caught stealing 2nd base
1-0: Fly out, F8 (Flyball, 8LM)
Batting: SHB António Ramírez 0-0: Ball
1-0: Ball
2-0: Called Strike
2-1: SINGLE (Groundball, 4MD)
Batting: RHB Juan Reyes 0-0: Ball
1-0: Called Strike
António Ramírez steals 2nd base
1-1: Called Strike
1-2: Ball
2-2: Ball
3-2: Ground out 4-3 (Groundball, 4)
Bottom of the 5th over - 0 runs, 1 hit, 0 errors, 1 left on base; Amarillo 3 - Tuscaloosa 6
TOP OF THE 6TH
Amarillo Archdukes batting - Pitching for Tuscaloosa Trout Slayers : RHP John Jones
Batting: LHB António Chávez 0-0: Ball
1-0: Ball
2-0: Called Strike
2-1: Ball
3-1: Called Strike
3-2: SOLO HOME RUN (Flyball, 9LD), Distance : 362 ft
Batting: LHB José Martínez 0-0: Called Strike
0-1: Called Strike
0-2: Ball
1-2: Strikes out swinging
Batting: SHB Jeff Chambers 0-0: Ball
1-0: Foul Ball, location: 2F
1-1: Called Strike
1-2: Ball
2-2: Foul Ball, location: 2F
2-2: Fly out, F9 (Flyball, 9LM)
Batting: RHB Rich Henley 0-0: Foul Ball, location: 2F
0-1: Ball
1-1: Swinging Strike
1-2: Strikes out looking
Top of the 6th over - 1 run, 1 hit, 0 errors, 0 left on base; Amarillo 4 - Tuscaloosa 6
BOTTOM OF THE 6TH
Tuscaloosa Trout Slayers batting - Pitching for Amarillo Archdukes : RHP José Abacil
Batting: RHB Claudio Gonzáles 0-0: Ground out 6-3 (Groundball, 6M)
Batting: LHB Manuel Ortega 0-0: Ball
1-0: Ball
2-0: Called Strike
2-1: Foul Ball, location: 2F
2-2: Ball
3-2: Ground out 5-3 (Groundball, 5)
Batting: RHB José Fernández 0-0: Foul Ball, location: 2F
0-1: Swinging Strike
0-2: Ball
1-2: Foul Ball, location: 2F
1-2: Foul Ball, location: 2F
1-2: Fly out, F7 (Line Drive, 7S)
Bottom of the 6th over - 0 runs, 0 hits, 0 errors, 0 left on base; Amarillo 4 - Tuscaloosa 6
TOP OF THE 7TH
Amarillo Archdukes batting - Pitching for Tuscaloosa Trout Slayers : RHP John Jones
Batting: RHB Jesús Ramos 0-0: Foul Ball, location: 2F
0-1: Swinging Strike
0-2: Ball
1-2: Strikes out swinging
Batting: RHB Fernando Castellanos 0-0: Ground out 6-3 (Groundball, 6)
Batting: SHB Álex Hernández 0-0: Called Strike
0-1: Called Strike
0-2: Ball
1-2: Foul Ball, location: 2F
1-2: Foul Ball, location: 2F
1-2: SINGLE (Line Drive, 7S)
Batting: LHB Brian Easdale 0-0: Ball
1-0: Fielders Choice at 2nd, U6 (Groundball, 6M)
Top of the 7th over - 0 runs, 1 hit, 0 errors, 1 left on base; Amarillo 4 - Tuscaloosa 6
BOTTOM OF THE 7TH
Tuscaloosa Trout Slayers batting - Pitching for Amarillo Archdukes : RHP José Abacil
Pitching: LHP Tim Miller
Batting: LHB Juan Hernández 0-0: Fly out, F7 (Flyball, 7)
Batting: LHB Ed Hart 0-0: Foul Ball, location: 2F
0-1: Fly out, F7 (Flyball, 78S)
Batting: LHB Marcos Villarreal 0-0: Ball
1-0: Foul Ball, location: 2F
1-1: Swinging Strike
1-2: Strikes out swinging
Bottom of the 7th over - 0 runs, 0 hits, 0 errors, 0 left on base; Amarillo 4 - Tuscaloosa 6
TOP OF THE 8TH
Amarillo Archdukes batting - Pitching for Tuscaloosa Trout Slayers : RHP John Jones
Pitching: RHP Matt McGinnity
Now in LF: Eddy Jefferson
Batting: RHB Vincente Ramírez 0-0: Ball
1-0: Fly out, F8 (Flyball, 8RS)
Pitching: LHP Dave Blackwell
Batting: LHB António Chávez 0-0: Ball
1-0: Ball
2-0: Foul Ball, location: 2F
2-1: Ball
3-1: Swinging Strike
3-2: Foul Ball, location: 2F
3-2: Base on Balls
Pinch Runner at 1st Nelson Castro:
Batting: LHB José Martínez 0-0: Foul Ball, location: 2F
0-1: Foul Ball, location: 2F
0-2: Ball
1-2: Foul Ball, location: 2F
1-2: Fly out, F9 (Line Drive, 89D)
Pitching: RHP Víctor Vińa
Batting: SHB Jeff Chambers 0-0: Ball
1-0: Ground out 1-3 (Groundball, 13)
Top of the 8th over - 0 runs, 0 hits, 0 errors, 1 left on base; Amarillo 4 - Tuscaloosa 6
BOTTOM OF THE 8TH
Tuscaloosa Trout Slayers batting - Pitching for Amarillo Archdukes : LHP Tim Miller
Now in RF: Nelson Castro
Batting: RHB Augusto Baca 0-0: Called Strike
0-1: Ball
1-1: DOUBLE (Flyball, 8RXD)
Batting: SHB António Ramírez 0-0: Ball
1-0: Ball
2-0: Ball
3-0: Called Strike
3-1: Called Strike
3-2: Fly out, F9 (Flyball, 89S)
Batting: RHB Juan Reyes 0-0: Foul Ball, location: 2F
0-1: 2-RUN HOME RUN (Flyball, 78XD), Distance : 388 ft
Pitching: LHP Christiano Gomes
Batting: RHB Claudio Gonzáles 0-0: DOUBLE (Flyball, 8LXD) - OUT at third base trying to stretch hit.
Batting: LHB Manuel Ortega 0-0: Ball
1-0: DOUBLE (Line Drive, 9LD)
Batting: RHB José Fernández 0-0: Ball
1-0: Ball
2-0: Called Strike
2-1: Foul Ball, location: 2F
2-2: Ball
3-2: Ground out 3-1 (Groundball, 34)
Bottom of the 8th over - 2 runs, 4 hits, 0 errors, 1 left on base; Amarillo 4 - Tuscaloosa 8
TOP OF THE 9TH
Amarillo Archdukes batting - Pitching for Tuscaloosa Trout Slayers : RHP Víctor Vińa
Pitching: RHP Will Tyler
Batting: RHB Rich Henley 0-0: Ball
1-0: Foul Ball, location: 2F
1-1: Ball
2-1: Foul Ball, location: 2F
2-2: Foul Ball, location: 2F
2-2: Ground out 6-3 (Groundball, 6S)
Batting: RHB Jesús Ramos 0-0: Swinging Strike
0-1: Ground out 6-3 (Groundball, 6)
Batting: RHB Fernando Castellanos 0-0: Called Strike
0-1: Fly out, F8 (Flyball, 8RM)
Top of the 9th over - 0 runs, 0 hits, 0 errors, 0 left on base; Amarillo 4 - Tuscaloosa 8
Saturday, April 7th, 2018 - OOTP Baseball 18.8 Build 76